 Dungeon Crawl Stone Soup version 0.27-a0-695-gb4952372f7 (webtiles) character file.

Game seed: 7226448557184678429

163 DasRunzen the Conjurer (level 5, 0/60 HPs)
             Began as a Demigod Conjurer on Mar 22, 2021.
             Slain by an orc wizard
             ... wielding a +0 dagger
              (2 damage)
             ... on level 3 of the Dungeon.
             The game lasted 00:07:01 (2840 turns).

DasRunzen the Conjurer (Demigod Conjurer)           Turns: 2840, Time: 00:07:01

Health: 0/60       AC:  4    Str: 12    XL:     5   Next: 0%
Magic:  3/11       EV: 11    Int: 20    God:
Gold:   111        SH:  4    Dex: 12    Spells: 5/8 levels left

rFire    . . .     SeeInvis .   b - staff of conjuration
rCold    . . .     Faith    .   k - +1 buckler
rNeg     . . .     Spirit   .   a - +0 robe
rPois    .         Reflect  .   (no helmet)
rElec    .         Harm     .   g - +0 cloak
rCorr    .         Rampage  .   d - +0 pair of gloves
Will     .....                  (no boots)
Stlth    ..........             (no amulet)
HPRegen  0.20/turn              (no ring)
MPRegen  0.12/turn              (no ring)

@: berserking, very quick
A: high mp 1, forlorn
a: no special abilities


You were on level 3 of the Dungeon.
You visited 1 branch of the dungeon, and saw 4 of its levels.

You collected 111 gold pieces.

Inventory:

Armour
 a - a +0 robe (worn)
 d - a +0 pair of gloves (worn)
 g - a +0 cloak (worn)
 k - a +1 buckler (worn)
Magical Staves
 b - a staff of conjuration (weapon)
Jewellery
 e - an amulet of the acrobat
Wands
 h - a wand of iceblast (10)
Potions
 f - 2 potions of curing {unknown}
 j - a potion of mutation {unknown}


   Skills:
 + Level 1.2 Fighting
 + Level 1.4 Staves
 + Level 1.5 Armour
 + Level 2.3 Dodging
 - Level 1.7 Stealth
 + Level 0.6 Shields
 + Level 2.2 Spellcasting
 + Level 4.0 Conjurations
 + Level 1.2 Evocations


You had 5 spell levels left.
You knew the following spells:

 Your Spells              Type           Power      Damage    Failure   Level
a - Magic Dart            Conj           100%       1d8       4%          1
b - Searing Ray           Conj           54%        3d5       7%          2

Your spell library contained the following spells:

 Spells                   Type           Power      Damage    Failure   Level
 Dazzling Flash           Conj/Hex       30%        N/A       30%         3
 Confusing Touch          Hex            2%         N/A       56%         3
 Gell's Gravitas          Tloc           1%         N/A       56%         3
 Fulminant Prism          Conj/Hex       7%         3d7       69%         4
 Iskenderun's Mystic Bla  Conj/Tloc      15%        2d5       69%         4
 Petrify                  Tmut/Erth      2%         N/A       93%         4
 Metabolic Englaciation   Hex/Ice        1%         N/A       100%        5
 Yara's Violent Unravell  Hex/Tmut       1%         3d3       100%        5


Dungeon Overview and Level Annotations

Branches:
Dungeon (4/15)
 Temple: D:4-7

Shops:
D:2 (


Innate Abilities, Weirdness & Mutations

Your attributes grow dramatically as you level up.
You have an increased reservoir of magic. (+10% MP)
You shall have no god before yourself.


Message History

The orc wizard flickers and vanishes!
Deactivating autopickup; reactivate with Ctrl-A.
Something hits you.
You climb upwards.
Reactivating autopickup.
There is a stone staircase leading down here.
No target in view!
Something hits you.
Deactivating autopickup; reactivate with Ctrl-A.
Something hits you. Something hits you but does no damage.
You hear some strange, mumbled words.
Something tries to affect you, but you resist.
You block something's attack.
You hear some strange, mumbled words.
You are confused.
Something hits you.
You completely miss something. Something hits you.
* * * LOW HITPOINT WARNING * * *
You hear some strange, mumbled words.
A puff of flame appears from out of thin air!
The puff of flame hits you.
* * * LOW HITPOINT WARNING * * *
You miss something. Something hits you but does no damage.
You barely miss something. Something hits you.
* * * LOW HITPOINT WARNING * * *
It was a potion of berserk rage.
A red film seems to cover your vision as you go berserk!
You feel yourself moving faster!
You feel mighty!
You feel less confused. Something hits you but does no damage.
You miss something.
You hear some strange, mumbled words.
A puff of flame appears from out of thin air!
The puff of flame misses you.
You hit something. Something hits you.
* * * LOW HITPOINT WARNING * * *
You closely miss something. You hit something. Something hits you.
You die...

#......................###
#......#.##.......##...#
#........##..##...##(..##
#............#..........##
######.####....#####.##...
#..####........#.####.
#.###......#......# ##
#.###...>####.....####
#....@{### ####......
#<###.## #...... #####.#
#.#.### #...# #.#.# #
######...### #.#.###
#......<...# #...###
#..........# #.#.###
#..........# #...# #
#>...<...>.# ##..###


There were no monsters in sight!

Vanquished Creatures
  An orc wizard (D:3)
  4 adders
  2 oozes
  5 worms (D:3)
  2 dart slugs
  A leopard gecko (D:2)
  14 orcs
  A ball python (D:3)
  7 bats
  4 giant cockroaches
  5 goblins
  2 hobgoblins
  2 quokkas (D:3)
  3 frilled lizards (D:3)
  8 kobolds
  A rat (D:1)
62 creatures vanquished.

Notes
Turn   | Place    | Note
-------+----------+-------------------------------------------
     0 | D:1      | DasRunzen the Demigod Conjurer began the quest for the Orb.
     0 | D:1      | Reached XP level 1. HP: 14/14 MP: 5/5
   319 | D:1      | Reached XP level 2. HP: 20/20 MP: 0/7
   402 | D:1      | Learned a level 2 spell: Searing Ray
   914 | D:2      | Found Heli's Antique Weapon Emporium.
  1027 | D:2      | Reached XP level 3. HP: 27/27 MP: 5/8
  1068 | D:2      | Reached skill level 1 in Armour
  1494 | D:3      | Reached skill level 1 in Evocations
  1657 | D:3      | Reached skill level 1 in Staves
  1658 | D:3      | Reached XP level 4. HP: 34/34 MP: 4/9
  1663 | D:3      | Reached skill level 1 in Fighting
  1663 | D:3      | Reached skill level 4 in Conjurations
  2814 | D:4      | Reached XP level 5. HP: 40/40 MP: 2/11
  2835 | D:3      | HP: 2/40 [something (4)]
  2840 | D:3      | Slain by an orc wizard

Illustrated notes

Levels and vault maps discovered:
D:1:      dpeg_arrival_solitude, layout_basic, minmay_misc_feat_nine_boxes,
          minmay_misc_feat_square, minivault_26
D:2:      layout_rooms, kennysheep_slug_shrine, serial_shops, shop
D:3:      layout_rooms, lemuel_doored_altar, minivault_5
D:4:      layout_rooms, marbit_many_paths, vehumet_statue, temple_pool_b,
          minivault_11, dk_vineyard_3, chequers_serial_rivers_small_b,
          minmay_strange_pillars, okawaru_ov_weapons_minmay, uniq_blork_the_orc

Skill      XL: |  1  2  3  4 |
---------------+-------------+-----
Dodging        | 2 |  2.3
Spellcasting   | 2 |  2.2
Armour         | 1 |  1.5
Evocations     | 1 |  1.2
Staves         | 1 |  1.4
Fighting       | 1 |  1.2
Conjurations   | 4 |  4.0
Stealth        | |  1.7
Shields        | |  0.6

Action                   |  1- 3 |  4- 6 || total
-------------------------+-------+-------++-------
Melee: Staff             |     5 |    56 ||    61
 Cast: Magic Dart        |    57 |    15 ||    72
       Searing Ray       |     3 |     7 ||    10
  Use: Scroll            |     4 |       ||     4
       Potion            |       |     1 ||     1
 Stab: Sleeping          |     1 |       ||     1
Armor: Robe              |     1 |    10 ||    11
Dodge: Dodged            |     3 |    28 ||    31
Block: Buckler           |     3 |     7 ||    10

Table legend: (Time is in decaauts)
 A = Elapsed time spent in this place.
 B = Non-inter-level travel time spent in this place.
 C = Inter-level travel time spent in this place.
 D = Time resting spent in this place.
 E = Time spent auto-exploring this place.
 F = Levels seen in this place.
 G = Mean time per level.
                   A        B        C        D        E       F      G
               +--------+--------+--------+--------+--------+-----+--------+
         Total |   2853 |   2771 |     82 |    365 |   2007 |   4 |  713.2 |
       Dungeon |   2853 |   2771 |     82 |    365 |   2007 |   4 |  713.2 |
               +--------+--------+--------+--------+--------+-----+--------+

Top non-repeatable levels by time:
     D:3: 1350 daAuts
     D:1: 825 daAuts
     D:2: 659 daAuts
     D:4: 17 daAuts
